 Dungeon Crawl Stone Soup version 0.27.1-1-g398f81649c (webtiles) character file.

Game seed: 9642661403761893995

113 ZARRMARR the Sneak (level 4, 0/33 HPs)
             Began as an Octopode Monk on Sept 9, 2021.
             Was a Believer of Okawaru.
             Splashed by a jelly's acid (1 damage)
             ... on level 4 of the Dungeon.
             The game lasted 00:05:54 (2953 turns).

ZARRMARR the Sneak (Octopode Monk)                  Turns: 2953, Time: 00:05:55

Health: 0/33       AC: -3    Str: 10    XL:     4   Next: 96%
Magic:  2/4        EV: 17    Int: 13    God:    Okawaru [**....]
Gold:   158        SH:  7    Dex: 14    Spells: 3/3 levels left

rFire    . . .     SeeInvis .   a - +0 short sword
rCold    . . .     Faith    .   d - +2 buckler
rNeg     . . .     Spirit   .   (helmet restricted)
rPois    .         Reflect  .   (no amulet)
rElec    .         Harm     .   (no ring)
rCorr    .         Rampage  .   (no ring)
Will     .....                  (no ring)
Stlth    +++++.....             (no ring)
HPRegen  0.11/turn              (no ring)
MPRegen  0.09/turn              (no ring)
                                (no ring)
                                (no ring)

@: heroic, corroded
A: almost no armour, amphibious, 8 rings, camouflage 1, gelatinous body 1,
(nimble swimmer 1), tentacles
a: Renounce Religion, Heroism


You were on level 4 of the Dungeon.
You worshipped Okawaru.
Okawaru was pleased with you.
You visited 1 branch of the dungeon, and saw 4 of its levels.

You collected 158 gold pieces.

Inventory:

Hand Weapons
 a - a +0 short sword (weapon)
Missiles
 j - 8 boomerangs (quivered)
Armour
 d - a +2 buckler (worn)
Wands
 i - a wand of charming (12)
Scrolls
 e - 2 scrolls of amnesia
 f - a scroll of brand weapon {unknown}
 g - a scroll of magic mapping {unknown}
 h - a scroll of fog {unknown}
Potions
 b - a potion of cancellation {unknown}
 c - a potion of brilliance {unknown}


   Skills:
 + Level 3.6(8.6) Fighting
 + Level 3.5(8.5) Short Blades
 + Level 3.6(8.6) Dodging
 + Level 4.0(9.0) Stealth
 + Level 1.2(6.2) Shields
 + Level 0.2 Invocations


You had 3 spell levels left.
You didn't know any spells.
Your spell library was empty.

Dungeon Overview and Level Annotations

Branches:
Dungeon (4/15)
 Temple: D:4-7

Altars:
Okawaru

Shops:
D:3 (


Innate Abilities, Weirdness & Mutations

You cannot wear most types of armour.
You are amphibious.
You can wear up to eight rings at the same time.
Your skin changes colour to match your surroundings (Stealth+).
Your rubbery body absorbs attacks. (AC +1, EV +1)
((You are camouflaged near water. (Stealth+)))
You have tentacles for arms and can constrict up to eight enemies at once.


Message History

There is a stone staircase leading down here.
Done exploring.
Done exploring.
Done exploring.
Done exploring.
There is a stone staircase leading down here.
You see here 16 poisoned darts.
There is a stone staircase leading down here.
Your library has no spells.
Unknown command.
You climb downwards.
There is a stone staircase leading up here.
Found 18 gold pieces.
A jelly comes into view.
An adder skeleton comes into view.
The jelly quivers.
The jelly barely misses you.
You gain the combat prowess of a mighty hero.
You block the adder skeleton's attack. The jelly hits you.
You are splashed with acid!
You hit the jelly.
Your tentacles burn!
The jelly is moderately wounded.
The adder skeleton misses you.
You hit the jelly.
Your tentacles burn!
You tentacle-slap the jelly. You squeeze the jelly.
The jelly is severely wounded.
The jelly closely misses you.
You hit the jelly but do no damage.
Your tentacles burn!
The jelly is severely wounded.
The adder skeleton completely misses you.
You hit the jelly.
Your tentacles burn!
* * * LOW HITPOINT WARNING * * *
The jelly is severely wounded.
The jelly hits you.
* * * LOW HITPOINT WARNING * * *
The acid corrodes you!
You are splashed with acid!
* * * LOW HITPOINT WARNING * * *
You block the adder skeleton's attack.
You hit the jelly.
Your tentacles burn!
You die...

#.######
#......#
######.#
#.# #
#.###.#
#####.....#
#.....$...#
#........##
#..Z@...##
#..J....#
#########


You could see a jelly and an adder skeleton.

Vanquished Creatures
  Jessica (D:2)
  3 adders (D:2)
  A worm (D:3)
  3 dart slugs
  7 ball pythons
  5 endoplasms
  2 giant cockroaches (D:3)
  5 goblins
  3 hobgoblins
  6 kobolds
  5 quokkas
  5 bats
  3 rats
49 creatures vanquished.

Notes
Turn   | Place    | Note
-------+----------+-------------------------------------------
     0 | D:1      | ZARRMARR the Octopode Monk began the quest for the Orb.
     0 | D:1      | Reached XP level 1. HP: 16/16 MP: 1/1
   192 | D:1      | Found a faded altar of an unknown god.
   205 | D:1      | Reached skill level 3 in Stealth
   210 | D:1      | Reached XP level 2. HP: 13/21 MP: 2/2
   888 | D:2      | Reached XP level 3. HP: 26/26 MP: 3/3
   906 | D:2      | Found an iron altar of Okawaru.
   937 | D:2      | Noticed Jessica
  1266 | D:2      | Killed Jessica
  1267 | D:2      | Reached XP level 4. HP: 4/31 MP: 4/4
  1557 | D:2      | Became a worshipper of Warmaster Okawaru
  1557 | D:2      | Reached * piety under Okawaru
  1557 | D:2      | Reached ** piety under Okawaru
  1674 | D:2      | Reached skill level 1 in Shields
  2488 | D:3      | Reached skill level 4 in Stealth
  2768 | D:3      | Found Ufoq's Weapon Boutique.
  2952 | D:4      | HP: 1/33 [acid (7)]
  2953 | D:4      | Splashed by a jelly's acid

Illustrated notes

Levels and vault maps discovered:
D:1:      dpeg_arrival_line_fractal, layout_basic,
          hellmonk_ecumenical_altar_zigzags
D:2:      layout_rooms, basic_altar, uniq_jessica
D:3:      layout_rooms, serial_shops, shop, kennysheep_crisscross
D:4:      layout_basic, evilmike_ruin_ashenzari

Skill      XL: |  1  2  3  4 |
---------------+-------------+-----
Stealth        | 3 4 |  4.0
Shields        | 1 |  1.2
Fighting       | |  3.6
Short Blades   | |  3.5
Dodging        | |  3.6
Invocations    | |  0.2

Action                   |  1- 3 |  4- 6 || total
-------------------------+-------+-------++-------
Melee: Short sword       |    45 |    63 ||   108
       Constrict         |     9 |    13 ||    22
       Tentacles         |     7 |     6 ||    13
       Punch             |       |     1 ||     1
Invok: Heroism           |       |     1 ||     1
  Use: Scroll            |     1 |       ||     1
 Stab: Sleeping          |     7 |     7 ||    14
Armor: Skin              |     2 |     1 ||     3
Dodge: Dodged            |    33 |    37 ||    70
Block: Buckler           |     5 |    16 ||    21
